 Dungeon Crawl Stone Soup version 0.28-a0-691-gad6df49e81 (webtiles) character file.

Game seed: 2311996730500023791

30 jessy the Ducker (level 3, -2/29 HPs)
             Began as a Djinni Gladiator on Oct 20, 2021.
             Slain by a scorpion (3 damage)
             ... on level 2 of the Dungeon on Oct 21, 2021.
             The game lasted 00:04:14 (798 turns).

jessy the Ducker (Djinni Gladiator)                  Turns: 798, Time: 00:04:15

Health: -2/29      AC:  4    Str: 14    XL:     3   Next: 35%
Gold:   32         EV: 13    Int:  9    God:
                   SH:  0    Dex: 14

rFire   + + .      SeeInvis .   a - +0 flail
rCold   x . .      Faith    .   (no shield)
rNeg    . . .      Spirit   .   b - +0 leather armour
rPois   ∞          Reflect  .   g - +0 helmet
rElec   .          Harm     .   (no cloak)
rCorr   +          Rampage  .   (no gloves)
Will    .....                   (boots unavailable)
Stlth   +.........              (no amulet)
HPRegen 0.09/turn               m - ring of resist corrosion
MPRegen 0.00/turn               (no ring)

@: flying
A: sickness immunity, fire resistance 2, cold vulnerability 1, float, innate
caster, hp casting, extra vitality 1
a: no special abilities


You were on level 2 of the Dungeon.
You visited 1 branch of the dungeon, and saw 2 of its levels.

You collected 32 gold pieces.

Inventory:

Hand Weapons
 a - a +0 flail (weapon)
 j - a +0 club
Missiles
 d - 3 throwing nets (quivered)
Armour
 b - a +0 leather armour (worn)
 c - a +0 helmet
 g - a +0 helmet (worn)
Jewellery
 m - a ring of resist corrosion (left hand)
Scrolls
 f - a scroll of enchant armour {unknown}
 i - a scroll of enchant weapon {unknown}
Potions
 e - a potion of invisibility {unknown}
 h - a potion of attraction {unknown}
 k - 2 potions of resistance {unknown}
 l - a potion of curing {unknown}
 n - a potion of flight {unknown}


   Skills:
 + Level 2.3 Fighting
 + Level 2.8 Maces & Flails
 + Level 1.6 Throwing
 + Level 0.3 Armour
 + Level 3.8 Dodging
 + Level 0.1 Stealth


You had one spell level left.
You knew the following spells:

 Your Spells              Type           Power      Damage    Failure   Level
a - Magic Dart            Conj           0%         1d3       45%         1
Your spell library was empty.

Dungeon Overview and Level Annotations

Branches:
Dungeon (1/15)

Altars:

Shops:
D:1 [


Innate Abilities, Weirdness & Mutations

You are immune to sickness and miasma.
You are immune to poison.
Your flesh is very heat resistant. (rF++)
You are vulnerable to cold. (rC-)
You float through the air rather than walking.
You learn spells naturally, not from books.
Your magical power is your life essence.
You have superior vitality. (+4 HP)


Message History

The giant cockroach is almost dead.
The giant cockroach closely misses you. The giant cockroach barely misses you.
You hit the giant cockroach but do no damage.
The giant cockroach is almost dead.
The giant cockroach closely misses you.
You closely miss the giant cockroach.
The giant cockroach is almost dead.
The giant cockroach barely misses you. The giant cockroach closely misses you.
The rat bites you.
You hit the giant cockroach.
You kill the giant cockroach!
The rat closely misses you.
You hit the rat.
You kill the rat!
You see here a rat corpse.
A scorpion and a hobgoblin come into view.
The scorpion stings you. The scorpion stings you! The scorpion misses you.
The hobgoblin hits you.
The scorpion stings you but does no damage.
You hit the scorpion.
The scorpion is lightly wounded.
The hobgoblin hits you but does no damage.
The scorpion completely misses you.
You hit the scorpion.
The scorpion is moderately wounded.
The hobgoblin completely misses you. The scorpion barely misses you.
The hobgoblin hits you.
You sock the scorpion!
The scorpion is severely wounded.
The scorpion stings you.
* * * LOW HITPOINT WARNING * * *
The scorpion completely misses you. The hobgoblin barely misses you.
You closely miss the scorpion.
The scorpion is severely wounded.
The scorpion stings you!
* * * LOW HITPOINT WARNING * * *
The hobgoblin barely misses you. The scorpion stings you.
You die...

#.# #.# #.#..#.# #.#
#.# ...#.#.# #.# #.#
#.##.#.# ## #.# #.#
#.##.#.###.... #.# #.#
#.##.......... #.###.##
#>##...###.#.#
#.##...####.##†..# .
#......†.....g...##....
####...####.@s.......#
##............#...#
##########..#....#
###.#...# ###..# ##.. .


You could see a scorpion and a hobgoblin.

Vanquished Creatures
  An adder (D:2)
  2 dart slugs
  2 endoplasms (D:1)
  A giant cockroach (D:2)
  2 goblins (D:1)
  A hobgoblin (D:1)
  A quokka (D:1)
  A frilled lizard (D:2)
  3 kobolds (D:1)
  3 rats
17 creatures vanquished.

Notes
Turn   | Place    | Note
-------+----------+-------------------------------------------
     0 | D:1      | jessy the Djinni Gladiator began the quest for the Orb.
     0 | D:1      | Reached XP level 1. HP: 18/18 MP: 0/0
    89 | D:1      | Found Xabiowax's Armour Shoppe.
   195 | D:1      | Reached XP level 2. HP: 20/23 MP: 0/0
   541 | D:1      | You are sucked into a shaft and drop 1 floor!
   556 | D:2      | Reached XP level 3. HP: 29/29 MP: 0/0
   556 | D:2      | Learned a level 1 spell: Magic Dart
   784 | D:2      | Noticed a scorpion
   798 | D:2      | HP: 1/29 [scorpion (7)]
   798 | D:2      | Slain by a scorpion

Illustrated notes

Levels and vault maps discovered:
D:1:      minmay_arrival_radiant_lines, layout_loops_ring, serial_shops, shop
D:2:      layout_loops_ring, shapermc_ecumenical_altar_ellora,
          palyth_stone_intersect, cheibrodos_gnoll_hut

Action                   || total
-------------------------++-------
Melee: Flail             ||    50
 Stab: Sleeping          ||     1
Armor: Leather armour    ||    10
Dodge: Dodged            ||    45

Table legend: (Time is in decaauts)
 A = Elapsed time spent in this place.
 B = Non-inter-level travel time spent in this place.
 C = Inter-level travel time spent in this place.
 D = Time resting spent in this place.
 E = Time spent auto-exploring this place.
 F = Levels seen in this place.
 G = Mean time per level.
                   A        B        C        D        E       F      G
               +--------+--------+--------+--------+--------+-----+--------+
         Total |    810 |    798 |     12 |    163 |      0 |   2 |  405.0 |
       Dungeon |    810 |    798 |     12 |    163 |      0 |   2 |  405.0 |
               +--------+--------+--------+--------+--------+-----+--------+

Top non-repeatable levels by time:
     D:1: 550 daAuts
     D:2: 260 daAuts
